[Event "2024 Norbert Muller Cup (Division D)"]
[Site "Woodvale, Perth WA AUS"]
[Date "2024.11.06"]
[Round "5"]
[White "Porteus, Grant"]
[Black "Walker, Colin"]
[Result "1-0"]
[ECO "C30"]
[WhiteElo "1340"]
[BlackElo "1425"]
[PlyCount "89"]
[EventDate "2024.10.09"]
[EventType "swiss"]
[EventRounds "7"]
[EventCountry "AUS"]
[TimeControl "3600+30"]

1. e4 e5 2. Nc3 Nc6 3. Bc4 Nf6 4. f4 d6 5. Nf3 h6 6. d4 Bg4 7. dxe5 Bxf3 8.
Qxf3 dxe5 9. Be3 Bb4 10. Bd2 Qd4 11. Qd3 Qxd3 12. cxd3 Bxc3 13. Bxc3 Nd7 14.
Bd5 f6 15. Bxc6 bxc6 16. fxe5 fxe5 17. Ba5 Nb6 18. Rf1 Rd8 19. Ke2 Rf8 20. Rad1
Rxf1 21. Rxf1 Rd7 22. Bc3 Re7 23. Rf5 Nd7 24. Ke3 g6 25. Rf2 c5 26. Rc2 c6 27.
Bd2 h5 28. b4 Re6 29. bxc5 Kd8 30. Rc4 Kc8 31. Bc3 Kb7 32. d4 exd4+ 33. Bxd4
Ne5 34. Bxe5 Rxe5 35. Rd4 Rxc5 36. h4 Kc7 37. Rd2 Re5 38. Kf4 Rb5 39. e5 Rb4+
40. Kg5 Rg4+ 41. Kf6 Rxh4 42. e6 Re4 43. e7 Rf4+ 44. Ke6 Re4+ 45. Kf7 1-0

[Event "2024 Norbert Muller Cup (Division D)"]
[Site "Woodvale, Perth WA AUS"]
[Date "2024.11.06"]
[Round "5"]
[White "Nauom, Rafik"]
[Black "Hounsome, David"]
[Result "1-0"]
[ECO "D31"]
[WhiteElo "1493"]
[BlackElo "1375"]
[PlyCount "37"]
[EventDate "2024.10.09"]
[EventType "swiss"]
[EventRounds "7"]
[EventCountry "AUS"]
[TimeControl "3600+30"]

1. d4 d5 2. c4 e6 3. Bf4 b6 4. Nc3 Nf6 5. Qc2 a6 6. Nf3 Bb7 7. e3 Nbd7 8. cxd5
exd5 9. Qf5 Be7 10. Be5 h6 11. Qf4 Rc8 12. Bd3 Nxe5 13. dxe5 Nd7 14. e6 Nf6 15.
exf7+ Kxf7 16. Ne5+ Kg8 17. Bg6 Bd6 18. Qf5 Bxe5 19. Qe6+ 1-0

[Event "2024 Norbert Muller Cup (Division D)"]
[Site "Woodvale, Perth WA AUS"]
[Date "2024.11.06"]
[Round "5"]
[White "Rennie, Mike"]
[Black "Boswarva, Ernest"]
[Result "0-1"]
[ECO "B01"]
[WhiteElo "921"]
[BlackElo "1456"]
[PlyCount "48"]
[EventDate "2024.10.09"]
[EventType "swiss"]
[EventRounds "7"]
[EventCountry "AUS"]
[TimeControl "3600+30"]

1. e4 d5 2. d3 dxe4 3. d4 Bf5 4. Bc4 Nf6 5. Bb5+ c6 6. Be2 e6 7. Bd2 Qxd4 8. c3
Qb6 9. b4 Be7 10. Be3 Qc7 11. h3 O-O 12. Nd2 Rd8 13. g4 Bg6 14. g5 Nd5 15. Qc2
Nxe3 16. fxe3 Qg3+ 17. Kd1 Qxe3 18. Kc1 Bxg5 19. Ngf3 exf3 20. Rd1 Bxc2 21.
Kxc2 Rxd2+ 22. Rxd2 Qxd2+ 23. Kb3 fxe2 24. Rg1 Qd1+ 0-1

[Event "2024 Norbert Muller Cup (Division D)"]
[Site "Woodvale, Perth WA AUS"]
[Date "2024.11.06"]
[Round "5"]
[White "Powell, Darren"]
[Black "Lanham, Bruce"]
[Result "1-0"]
[ECO "B20"]
[WhiteElo "1246"]
[BlackElo "1265"]
[PlyCount "125"]
[EventDate "2024.10.09"]
[EventType "swiss"]
[EventRounds "7"]
[EventCountry "AUS"]
[TimeControl "3600+30"]

1. e4 c5 2. Bc4 e6 3. Nc3 a6 4. a4 Nf6 5. Qe2 Be7 6. Nf3 d5 7. exd5 exd5 8. Ba2
O-O 9. h3 Re8 10. O-O Nc6 11. d3 Be6 12. Ng5 Qd7 13. Re1 h6 14. Nxe6 fxe6 15.
Qxe6+ Qxe6 16. Rxe6 Rad8 17. Re2 Kf8 18. Bf4 d4 19. Ne4 Nxe4 20. Rxe4 Bd6 21.
Rxe8+ Kxe8 22. Bxd6 Rxd6 23. Re1+ Kd7 24. Bf7 Ne7 25. g4 Rf6 26. Bc4 Kd6 27.
Kg2 Nc6 28. c3 Ne5 29. cxd4 cxd4 30. Re4 Nxc4 31. Rxd4+ Ke5 32. Rxc4 Rd6 33.
Rc3 Kf4 34. Rc4+ Ke5 35. f4+ Kd5 36. Kf3 Rc6 37. Re4 Rc2 38. b4 Rh2 39. Kg3 Rh1
40. Re7 Rd1 41. Rd7+ Kc6 42. Rd4 b5 43. axb5+ axb5 44. h4 Rg1+ 45. Kf3 Rh1 46.
h5 Rh3+ 47. Ke4 Rg3 48. Kf5 Re3 49. Re4 Rxd3 50. Kg6 Rd7 51. Re6+ Kd5 52. f5
Kc4 53. f6 gxf6 54. Kxh6 Kxb4 55. Rxf6 Kc3 56. g5 b4 57. g6 b3 58. g7 Rxg7 59.
Kxg7 b2 60. Rb6 Kc2 61. h6 b1=Q 62. Rxb1 Kxb1 63. h7 1-0

[Event "2024 Norbert Muller Cup (Division D)"]
[Site "Woodvale, Perth WA AUS"]
[Date "2024.11.06"]
[Round "5"]
[White "Dawoud, Ahmad"]
[Black "Owen, Geoff"]
[Result "0-1"]
[ECO "E91"]
[WhiteElo "1120"]
[BlackElo "1211"]
[PlyCount "45"]
[EventDate "2024.10.09"]
[EventType "swiss"]
[EventRounds "7"]
[EventCountry "AUS"]
[TimeControl "3600+30"]

1. d4 c5 2. d5 Nf6 3. c4 g6 4. Nc3 Bg7 5. e4 d6 6. Be2 O-O 7. Nf3 Qa5 8. O-O
Re8 9. Qc2 Bg4 10. h3 Bd7 11. Bf4 Nh5 12. Bh2 e5 13. dxe6 Rxe6 14. Ng5 Re8 15.
Bxh5 gxh5 16. Bxd6 Qd8 17. Nf3 Bxh3 18. Nb5 Qd7 19. Nh4 Qg4 20. g3 Bxf1 21.
Rxf1 Na6 22. Na3 Rxe4 23. f4 0-1

[Event "2024 Norbert Muller Cup (Division D)"]
[Site "Woodvale, Perth WA AUS"]
[Date "2024.11.06"]
[Round "5"]
[White "Markou, Victor"]
[Black "Brooke, John"]
[Result "0-1"]
[ECO "B40"]
[WhiteElo "1051"]
[BlackElo "1417"]
[PlyCount "62"]
[EventDate "2024.10.09"]
[EventType "swiss"]
[EventRounds "7"]
[EventCountry "AUS"]
[TimeControl "3600+30"]

1. e4 c5 2. Nf3 a6 3. Nc3 e6 4. g3 Nc6 5. Bg2 Nge7 6. O-O Ng6 7. Re1 Be7 8. d3
e5 9. Nd5 Bd6 10. Bg5 f6 11. Bd2 Nce7 12. Nxe7 Qxe7 13. c4 O-O 14. h3 Bc7 15.
Nh2 d6 16. Ng4 f5 17. Ne3 Qf7 18. Nd5 Bd8 19. f4 b5 20. cxb5 axb5 21. exf5 Bxf5
22. Ne3 Bb6 23. Nxf5 Qxf5 24. Bxa8 Rxa8 25. Qf3 c4+ 26. Be3 Bxe3+ 27. Kg2 Re8
28. Qxe3 cxd3 29. Qd2 e4 30. Rf1 Qd5 31. f5 e3+ 0-1

[Event "2024 Norbert Muller Cup (Division D)"]
[Site "Woodvale, Perth WA AUS"]
[Date "2024.11.06"]
[Round "5"]
[White "Melbin, Sam"]
[Black "Young, Manfred"]
[Result "1-0"]
[ECO "C50"]
[WhiteElo "1058"]
[BlackElo "1167"]
[PlyCount "67"]
[EventDate "2024.10.09"]
[EventType "swiss"]
[EventRounds "7"]
[EventCountry "AUS"]
[TimeControl "3600+30"]

1. e4 e5 2. Nf3 Nc6 3. Bc4 d6 4. Nc3 Bg4 5. h3 Bh5 6. d3 Qf6 7. g4 Bg6 8. Bg5
Nd4 9. Bxf6 Nxf3+ 10. Qxf3 Nxf6 11. O-O-O h6 12. Nd5 Nxd5 13. Bxd5 Be7 14. Bxb7
Rb8 15. Bd5 O-O 16. h4 Rb6 17. h5 Bg5+ 18. Kb1 Bh7 19. b3 Bf4 20. d4 Rb4 21.
Bc4 Rfb8 22. Ka1 c6 23. Rh4 c5 24. dxe5 Bxe5+ 25. Kb1 Rxc4 26. Re1 Rc3 27. Qg2
c4 28. Re3 cxb3 29. Rxc3 bxa2+ 30. Kxa2 Bxc3 31. g5 hxg5 32. Qxg5 Bf6 33. Qg4
Bxh4 34. Qxh4 1-0

[Event "2024 Norbert Muller Cup (Division A)"]
[Site "Woodvale, Perth WA AUS"]
[Date "2024.11.13"]
[Round "6"]
[White "Balavignan, Ashvin"]
[Black "Maris, Rob"]
[Result "1-0"]
[ECO "E16"]
[WhiteElo "2143"]
[BlackElo "2088"]
[PlyCount "113"]
[EventDate "2024.10.09"]
[EventType "tourn"]
[EventRounds "7"]
[EventCountry "AUS"]
[TimeControl "3600+30"]

1. d4 Nf6 2. c4 e6 3. Nf3 b6 4. g3 Bb7 5. Bg2 Bb4+ 6. Bd2 Be7 7. Nc3 O-O 8. O-O
Na6 9. Qa4 Qc8 10. Bg5 h6 11. Bxf6 Bxf6 12. e4 d6 13. Rfe1 c5 14. d5 Bxc3 15.
bxc3 e5 16. Qc2 Nc7 17. Nh4 g6 18. Qe2 Qd8 19. a4 Ba6 20. Rf1 Rb8 21. f4 exf4
22. Rxf4 Qe7 23. Raf1 Nxd5 24. R4f3 Nc7 25. Rf6 Nd5 26. R6f3 Rbe8 27. Qd2 Nc7
28. Qxh6 Ne6 29. Rf6 Ng7 30. e5 Bxc4 31. exd6 Qe3+ 32. Qxe3 Rxe3 33. R1f4 Nh5
34. Nxg6 Nxf6 35. Ne7+ Rxe7 36. dxe7 Re8 37. Rxc4 Rxe7 38. a5 Re2 39. a6 Kf8
40. g4 Ra2 41. Rf4 Ke7 42. Bb7 Ra3 43. g5 Nd7 44. Bd5 Ne5 45. Rf5 Kd6 46. Bxf7
Nxf7 47. Rxf7 Rxc3 48. Rxa7 Rc4 49. Rg7 Ra4 50. a7 c4 51. Kf2 b5 52. g6 b4 53.
Rb7 b3 54. g7 Kc6 55. g8=Q Kxb7 56. Qd5+ Kxa7 57. Qd7+ 1-0

[Event "2024 Norbert Muller Cup (Division A)"]
[Site "Woodvale, Perth WA AUS"]
[Date "2024.11.13"]
[Round "6"]
[White "Plaganyi, Gyula"]
[Black "Clarke, Daniel"]
[Result "1/2-1/2"]
[ECO "A00"]
[WhiteElo "2060"]
[WhiteTitle "CM"]
[BlackElo "1951"]
[PlyCount "128"]
[EventDate "2024.10.09"]
[EventType "tourn"]
[EventRounds "7"]
[EventCountry "AUS"]
[TimeControl "3600+30"]

1. Nc3 e5 2. Nf3 Nc6 3. d4 exd4 4. Nxd4 Bb4 5. Nxc6 bxc6 6. Qd4 Bxc3+ 7. Qxc3
Qf6 8. Bd2 d5 9. e3 Qxc3 10. Bxc3 f6 11. Ba5 Bf5 12. O-O-O Nh6 13. Bxc7 a5 14.
h3 O-O 15. Bd3 Bxd3 16. Rxd3 Nf7 17. Re1 Ng5 18. f3 Ne6 19. Bh2 Rfe8 20. c3 a4
21. Kc2 Kf7 22. Rd2 Red8 23. e4 d4 24. Red1 c5 25. Bg1 Rac8 26. cxd4 cxd4+ 27.
Kb1 Rc4 28. Rc1 Rdc8 29. Rdc2 Rxc2 30. Rxc2 Rd8 31. Rd2 d3 32. Be3 g5 33. g3
Rd6 34. Kc1 Ng7 35. Kd1 h6 36. Rf2 Ke6 37. Kd2 f5 38. h4 fxe4 39. hxg5 hxg5 40.
g4 exf3 41. Bxg5 Rd5 42. Bh6 Ne8 43. Rxf3 Nf6 44. Rxd3 Nxg4 45. Rxd5 Kxd5 46.
Bf8 Kc4 47. Bg7 Nf2 48. Kc2 Ne4 49. b3+ axb3+ 50. axb3+ Kb5 51. Bf8 Nf6 52. Kd3
Nd7 53. Bd6 Nb6 54. Kd4 Kc6 55. Bf8 Nd7 56. Be7 Kb5 57. Bd6 Kc6 58. Ba3 Kb5 59.
Kd5 Nb6+ 60. Kd4 Nd7 61. Kc3 Ne5 62. Bd6 Nc6 63. Bc7 Nb4 64. Bd6 Nc6 1/2-1/2

[Event "2024 Norbert Muller Cup (Division A)"]
[Site "Woodvale, Perth WA AUS"]
[Date "2024.11.13"]
[Round "6"]
[White "Rahmani, Noor"]
[Black "Saxon, Marc"]
[Result "1/2-1/2"]
[ECO "D85"]
[WhiteElo "2244"]
[BlackElo "2030"]
[PlyCount "106"]
[EventDate "2024.10.09"]
[EventType "tourn"]
[EventRounds "7"]
[EventCountry "AUS"]
[TimeControl "3600+30"]

1. c4 Nf6 2. d4 g6 3. Nc3 d5 4. cxd5 Nxd5 5. e4 Nxc3 6. bxc3 Bg7 7. Nf3 c5 8.
Bb5+ Nc6 9. d5 Qa5 10. Bxc6+ bxc6 11. Bd2 Bxc3 12. O-O Bxd2 13. Nxd2 O-O 14.
Nb3 Qb4 15. Re1 c4 16. Nd4 cxd5 17. Nc6 Qc5 18. exd5 e6 19. Qf3 Bb7 20. Rab1
Bxc6 21. dxc6 Rac8 22. Rb7 Qxc6 23. Qxc6 Rxc6 24. Rxa7 c3 25. Rc1 c2 26. Kf1
Rd8 27. Ke2 Rd4 28. Ra3 Kg7 29. Rd3 Ra4 30. a3 Rca6 31. Rxc2 Rxa3 32. Rxa3 Rxa3
33. f3 Kf6 34. Kf2 h5 35. h4 Kf5 36. Kg3 {(=)} f6 37. Re2 e5 38. Rb2 Ra4 39.
Rb5 g5 40. hxg5 Kxg5 41. Rb8 Ra1 42. Rg8+ Kf5 43. Rh8 Rh1 44. Kf2 h4 45. Rh6
Kg5 46. Rh8 Kf4 47. Rh5 f5 48. Rh8 h3 49. Rh4+ Kg5 50. Rxh3 Rxh3 51. gxh3 Kh4
52. Kg2 e4 53. fxe4 fxe4 1/2-1/2

[Event "2024 Norbert Muller Cup (Division B)"]
[Site "Woodvale, Perth WA AUS"]
[Date "2024.11.13"]
[Round "6"]
[White "Stortz, Robert"]
[Black "Doshi, Chirag"]
[Result "1/2-1/2"]
[ECO "D15"]
[WhiteElo "1838"]
[BlackElo "1845"]
[PlyCount "44"]
[EventDate "2024.10.09"]
[EventType "tourn"]
[EventRounds "7"]
[EventCountry "AUS"]
[TimeControl "3600+30"]

1. d4 c6 2. c4 d5 3. Nc3 Nf6 4. Nf3 Bf5 5. Qb3 Qb6 6. cxd5 Qxb3 7. axb3 cxd5 8.
Nb5 Kd8 9. Ne5 Bg6 10. Bd2 Nc6 11. Nxc6+ bxc6 12. Ba5+ Kd7 13. Nc7 Rc8 14. Na6
e6 15. Rc1 Bd6 16. e3 e5 17. dxe5 Bxe5 18. Bc3 Bxc3+ 19. Rxc3 Ne4 20. Nc5+ Nxc5
21. Rxc5 Kd6 22. Ra5 Rb8 1/2-1/2

[Event "2024 Norbert Muller Cup (Division B)"]
[Site "Woodvale, Perth WA AUS"]
[Date "2024.11.13"]
[Round "6"]
[White "Leonhardt, Wolfgang"]
[Black "Roebuck, Derek"]
[Result "1/2-1/2"]
[ECO "C48"]
[WhiteElo "1680"]
[BlackElo "1774"]
[PlyCount "33"]
[EventDate "2024.10.09"]
[EventType "tourn"]
[EventRounds "7"]
[EventCountry "AUS"]
[TimeControl "3600+30"]

1. e4 e5 2. Nc3 Nf6 3. Nf3 Nc6 4. Bb5 Bd6 5. d3 a6 6. Bc4 h6 7. a3 O-O 8. h3
Re8 9. Be3 Bf8 10. O-O d6 11. Re1 Ne7 12. d4 exd4 13. Qxd4 Nc6 14. Qd3 Be6 15.
Nd5 Ne5 16. Nxe5 dxe5 17. Rad1 1/2-1/2

[Event "2024 Norbert Muller Cup (Division B)"]
[Site "Woodvale, Perth WA AUS"]
[Date "2024.11.13"]
[Round "6"]
[White "Gough, Dylan"]
[Black "Kerr, Lennon"]
[Result "0-1"]
[ECO "D30"]
[WhiteElo "1829"]
[BlackElo "1691"]
[PlyCount "52"]
[EventDate "2024.10.09"]
[EventType "tourn"]
[EventRounds "7"]
[EventCountry "AUS"]
[TimeControl "3600+30"]

1. d4 e6 2. c4 d5 3. e3 Nf6 4. Nf3 c6 5. cxd5 exd5 6. Bd3 Bg4 7. Be2 Nbd7 8.
O-O Bd6 9. h3 Bh5 10. Nc3 O-O 11. a3 a5 12. Ne1 Bxe2 13. Qxe2 b5 14. Nd3 Nb6
15. e4 dxe4 16. Nxe4 Re8 17. Nxf6+ Qxf6 18. Qg4 h5 19. Qxh5 Qxd4 20. Rd1 Qxd3
21. Be3 Qb3 22. Bxb6 Be5 23. Rd7 g6 24. Qg5 Bg7 25. Rad1 a4 26. Bd4 Qxd1+ 0-1

[Event "2024 Norbert Muller Cup (Division C)"]
[Site "Woodvale, Perth WA AUS"]
[Date "2024.11.13"]
[Round "6"]
[White "Curtis, Calan"]
[Black "Verma, Abhinav"]
[Result "1-0"]
[ECO "A43"]
[WhiteElo "1598"]
[BlackElo "1599"]
[PlyCount "73"]
[EventDate "2024.10.09"]
[EventType "tourn"]
[EventRounds "7"]
[EventCountry "AUS"]
[TimeControl "3600+30"]

1. d4 c5 2. d5 Nf6 3. Nc3 d6 4. e4 g6 5. f4 Bg7 6. e5 dxe5 7. fxe5 Ng4 8. e6
Ne5 9. exf7+ Nxf7 10. Ne4 O-O 11. Be3 Bxb2 12. Rb1 Qa5+ 13. Bd2 Qxa2 14. Nxc5
Bd4 15. Nxb7 Qxd5 16. Na5 Ne5 17. Nf3 Nxf3+ 18. gxf3 Qc5 19. Bc4+ e6 20. Qe2
Qf5 21. Bd3 Qxf3 22. Qxf3 Rxf3 23. Be4 Rf8 24. Bxa8 e5 25. Bd5+ Kh8 26. Rf1 Bf5
27. Be4 Nd7 28. Bxf5 gxf5 29. Rb7 Nc5 30. Rc7 Ne4 31. Bh6 Rd8 32. Rxf5 Bb6 33.
Nc6 Rg8 34. Nxe5 Rg1+ 35. Ke2 Nd6 36. Rf8+ Rg8 37. Bg7# 1-0

[Event "2024 Norbert Muller Cup (Division C)"]
[Site "Woodvale, Perth WA AUS"]
[Date "2024.11.13"]
[Round "6"]
[White "Garang, Kuol Awan"]
[Black "Sethuraman, Jaswanth Ram"]
[Result "1-0"]
[ECO "C68"]
[WhiteElo "1667"]
[BlackElo "1526"]
[PlyCount "123"]
[EventDate "2024.10.09"]
[EventType "tourn"]
[EventRounds "7"]
[EventCountry "AUS"]
[TimeControl "3600+30"]

1. e4 e5 2. Nf3 Nc6 3. Bb5 a6 4. Bxc6 dxc6 5. Nxe5 Qe7 6. d4 f6 7. Nc4 Qxe4+ 8.
Ne3 Bd7 9. O-O O-O-O 10. Nc3 Qg6 11. Ne2 Bd6 12. Ng3 Bxg3 13. fxg3 Ne7 14. c4
Be6 15. b3 Rd7 16. Bb2 Qe4 17. Qf3 Qxf3 18. Rxf3 Rhd8 19. Re1 Ng6 20. h4 h5 21.
Nf1 Bg4 22. Rfe3 Rd6 23. Nh2 b6 24. Rf1 Kb7 25. Nxg4 hxg4 26. Re4 R8d7 27. Rxg4
Nf8 28. h5 Ne6 29. Rd1 Ng5 30. Bc1 Ne6 31. Be3 f5 32. Rh4 g5 33. hxg6 Nf8 34.
g7 Rxg7 35. Bh6 Rf7 36. Bxf8 Rxf8 37. Rf4 Rg8 38. Rd3 c5 39. d5 Rf6 40. Rdf3
Rgf8 41. g4 b5 42. Rxf5 Rxf5 43. gxf5 bxc4 44. bxc4 Kc8 45. g4 Kd7 46. g5 Ke7
47. Re3+ Kd6 48. Re6+ Kd7 49. f6 Rg8 50. Re7+ Kd6 51. Rg7 Re8 52. g6 Rf8 53. f7
Ke7 54. Kf2 Kf6 55. Rg8 Rxg8 56. fxg8=Q Ke7 57. Qf7+ Kd8 58. g7 Kc8 59. Qe6+
Kb7 60. Qc6+ Kb8 61. g8=R+ Ka7 62. Ra8# 1-0

[Event "2024 Norbert Muller Cup (Division D)"]
[Site "Woodvale, Perth WA AUS"]
[Date "2024.11.13"]
[Round "6"]
[White "Pass, Tony"]
[Black "Porteus, Grant"]
[Result "1-0"]
[ECO "B13"]
[WhiteElo "1360"]
[BlackElo "1340"]
[PlyCount "57"]
[EventDate "2024.10.09"]
[EventType "swiss"]
[EventRounds "7"]
[EventCountry "AUS"]
[TimeControl "3600+30"]

1. d4 d5 2. Nf3 Nf6 3. e3 c5 4. h3 cxd4 5. exd4 e6 6. Bd3 Bd6 7. b3 Nc6 8. a3
O-O 9. Bb2 e5 10. Nxe5 Nxe5 11. dxe5 Re8 12. f4 Ne4 13. Bxe4 Qh4+ 14. Ke2 Bc5
15. Bd4 Qxf4 16. Bxc5 Rxe5 17. Nd2 Bf5 18. Be3 Qg3 19. Nf1 Qg6 20. Bxd5 Be4 21.
Bxe4 Qxe4 22. Kf2 Rf5+ 23. Kg1 Qh4 24. Qg4 Qf6 25. Bd4 Re5 26. Bxe5 Qxe5 27.
Rd1 Qc5+ 28. Kh2 f5 29. Qc4+ 1-0

[Event "2024 Norbert Muller Cup (Division D)"]
[Site "Woodvale, Perth WA AUS"]
[Date "2024.11.13"]
[Round "6"]
[White "Powell, Darren"]
[Black "Nauom, Rafik"]
[Result "0-1"]
[ECO "B15"]
[WhiteElo "1246"]
[BlackElo "1493"]
[PlyCount "52"]
[EventDate "2024.10.09"]
[EventType "swiss"]
[EventRounds "7"]
[EventCountry "AUS"]
[TimeControl "3600+30"]

1. e4 c6 2. Nc3 d5 3. d4 Qb6 4. Be2 e5 5. Nf3 exd4 6. Nxd4 Bc5 7. Be3 Qxb2 8.
Bd2 Bxd4 9. Rb1 Qa3 10. Rb3 Qd6 11. O-O Bxc3 12. Bxc3 Ne7 13. e5 Qc7 14. Re1
Be6 15. Rb2 Nd7 16. Bf3 Ng6 17. Qb1 b5 18. a4 a6 19. a5 Ndxe5 20. Bxe5 Nxe5 21.
Qd1 Nxf3+ 22. Qxf3 Qxa5 23. Qe3 O-O 24. Rbb1 Rfe8 25. Re2 h6 26. Qd3 Bf5 0-1

[Event "2024 Norbert Muller Cup (Division D)"]
[Site "Woodvale, Perth WA AUS"]
[Date "2024.11.13"]
[Round "6"]
[White "Hounsome, David"]
[Black "Walker, Colin"]
[Result "0-1"]
[ECO "A01"]
[WhiteElo "1375"]
[BlackElo "1425"]
[PlyCount "100"]
[EventDate "2024.10.09"]
[EventType "swiss"]
[EventRounds "7"]
[EventCountry "AUS"]
[TimeControl "3600+30"]

1. b3 d5 2. Bb2 c5 3. e3 Bd7 4. Nf3 Nf6 5. d4 e6 6. Nbd2 a6 7. Bd3 Nc6 8. a3
cxd4 9. exd4 g6 10. O-O b5 11. Ne5 Bg7 12. f4 O-O 13. c4 Ne7 14. Rc1 dxc4 15.
bxc4 bxc4 16. Bxc4 Nfd5 17. Qe2 Qb6 18. Nxd7 Qxb2 19. Nxf8 Qxd4+ 20. Kh1 Rxf8
21. Qf2 Qxf2 22. Rxf2 Bb2 23. Re1 Bxa3 24. Ra1 Bc5 25. Rf3 Nxf4 26. Rxf4 Be3
27. Rf3 Bxd2 28. Rd3 Bh6 29. Rxa6 Nf5 30. Rd7 Bg7 31. h3 h5 32. Rd3 h4 33. Rf3
Be5 34. Kg1 Bg3 35. Rd3 Rb8 36. Bb3 Rc8 37. Ra1 Kg7 38. Rad1 Rb8 39. Kf1 Kf6
40. Bc2 Rb2 41. R1d2 Bf4 42. Ke2 g5 43. Kd1 Ra2 44. Rf2 Ra1+ 45. Ke2 Ra2 46.
Kf3 Ng3 47. Kg4 Ra1 48. Rd1 Ra2 49. Re1 Nf5 50. Kh5 Nd4 0-1

[Event "2024 Norbert Muller Cup (Division D)"]
[Site "Woodvale, Perth WA AUS"]
[Date "2024.11.13"]
[Round "6"]
[White "Owen, Geoff"]
[Black "Brooke, John"]
[Result "1/2-1/2"]
[ECO "D00"]
[WhiteElo "1211"]
[BlackElo "1417"]
[PlyCount "33"]
[EventDate "2024.10.09"]
[EventType "swiss"]
[EventRounds "7"]
[EventCountry "AUS"]
[TimeControl "3600+30"]

1. d4 d5 2. Qd3 Nc6 3. Bf4 Nf6 4. e3 a6 5. Nf3 e6 6. c3 Bd7 7. h3 b5 8. Be2 Na7
9. Ne5 c5 10. O-O c4 11. Qc2 Bc8 12. Nd2 Bb7 13. Ndf3 h6 14. Nxf7 Kxf7 15. Ne5+
Kg8 16. Qg6 Nc6 17. Qf7+ 1/2-1/2

[Event "2024 Norbert Muller Cup (Division D)"]
[Site "Woodvale, Perth WA AUS"]
[Date "2024.11.13"]
[Round "6"]
[White "Lanham, Bruce"]
[Black "Melbin, Sam"]
[Result "1/2-1/2"]
[ECO "A09"]
[WhiteElo "1265"]
[BlackElo "1058"]
[PlyCount "40"]
[EventDate "2024.10.09"]
[EventType "swiss"]
[EventRounds "7"]
[EventCountry "AUS"]
[TimeControl "3600+30"]

1. Nf3 d5 2. c4 d4 3. e3 dxe3 4. fxe3 Nf6 5. d4 e6 6. Nc3 c5 7. Be2 Nc6 8. O-O
b6 9. b3 Bb7 10. Bb2 Qc7 11. Qc2 Nb4 12. Nb5 Qb8 13. Qd2 Ne4 14. Qc1 Qd8 15.
Rd1 Qc8 16. Nd2 a6 17. Nxe4 Bxe4 18. Nc3 Bb7 19. a3 Nc6 20. d5 Na5 1/2-1/2

[Event "2024 Norbert Muller Cup (Division D)"]
[Site "Woodvale, Perth WA AUS"]
[Date "2024.11.13"]
[Round "6"]
[White "Rennie, Mike"]
[Black "Markou, Victor"]
[Result "0-1"]
[ECO "C42"]
[WhiteElo "921"]
[BlackElo "1051"]
[PlyCount "110"]
[EventDate "2024.10.09"]
[EventType "swiss"]
[EventRounds "7"]
[EventCountry "AUS"]
[TimeControl "3600+30"]

1. e4 e5 2. d3 Nf6 3. Nf3 d6 4. Be2 g6 5. O-O Bg7 6. Nc3 O-O 7. Be3 Re8 8. Qd2
Ng4 9. h3 Nxe3 10. Qxe3 Nc6 11. g3 Bxh3 12. Rfe1 Nd4 13. Rac1 Nxf3+ 14. Bxf3
Be6 15. b3 f5 16. Kg2 Qc8 17. Rh1 f4 18. Qd2 c6 19. gxf4 Rf8 20. Ne2 d5 21. c4
dxc4 22. dxc4 Bg4 23. Bxg4 Qxg4+ 24. Ng3 exf4 25. Rh3 fxg3 26. Rxg3 Qxe4+ 27.
f3 Qe7 28. Re1 Qc7 29. Kf2 Bf6 30. Rg4 Rad8 31. Qf4 Qxf4 32. Rxf4 g5 33. Rf5 g4
34. fxg4 Bh4+ 35. Kf1 Bxe1 36. Kxe1 Rfe8+ 37. Kf2 Rd2+ 38. Kf3 Rxa2 39. Rg5+
Kh8 40. Rf5 Ra3 41. g5 Rxb3+ 42. Kg4 Rb4 43. Rf4 a5 44. Kh5 Re7 45. Kh6 Re6+
46. Kh5 b5 47. Rf8+ Kg7 48. Rd8 Rxc4 49. Rd7+ Kf8 50. Rxh7 Ree4 51. Kh6 Rh4+
52. Kg6 Rxh7 53. Kxh7 Rh4+ 54. Kg6 Kg8 55. Kf6 c5 0-1

[Event "2024 Norbert Muller Cup (Division A)"]
[Site "Woodvale, Perth WA AUS"]
[Date "2024.11.27"]
[Round "7"]
[White "Saxon, Marc"]
[Black "Gibson, Jacob"]
[Result "1-0"]
[ECO "B01"]
[WhiteElo "2030"]
[BlackElo "2031"]
[PlyCount "55"]
[EventDate "2024.10.09"]
[EventType "tourn"]
[EventRounds "7"]
[EventCountry "AUS"]
[TimeControl "3600+30"]

1. e4 d5 2. exd5 Qxd5 3. Nc3 Qa5 4. d4 Nf6 5. Bc4 c6 6. Bd2 Bf5 7. Nf3 e6 8.
Ne5 Nbd7 9. Qe2 Qb6 10. Nxd7 Nxd7 11. d5 O-O-O 12. dxc6 Qxc6 13. O-O Bd6 14.
Rfd1 a6 15. Be3 Ne5 16. Bd3 Bg4 17. f3 Nxf3+ 18. gxf3 Bxf3 19. Qf2 g5 20. Be2
g4 21. Rd4 Bxe2 22. Nxe2 f5 23. Rd3 Kb8 24. Rad1 h5 25. Bf4 e5 26. Bxe5 g3 27.
hxg3 Ka8 28. Bxh8 1-0

[Event "2024 Norbert Muller Cup (Division A)"]
[Site "Woodvale, Perth WA AUS"]
[Date "2024.11.27"]
[Round "7"]
[White "Clarke, Daniel"]
[Black "Rahmani, Noor"]
[Result "0-1"]
[ECO "B33"]
[WhiteElo "1951"]
[BlackElo "2244"]
[PlyCount "118"]
[EventDate "2024.10.09"]
[EventType "tourn"]
[EventRounds "7"]
[EventCountry "AUS"]
[TimeControl "3600+30"]

1. e4 c5 2. Nf3 Nc6 3. d4 cxd4 4. Nxd4 e5 5. Nb5 d6 6. N1c3 a6 7. Na3 Nf6 8.
Bg5 Be7 9. Nc4 Be6 10. Bxf6 gxf6 11. Ne3 Rc8 12. Ncd5 Bxd5 13. Nxd5 Nd4 14. c3
Ne6 15. Qa4+ Kf8 16. g3 Nc5 17. Qc2 h5 18. h4 Rc6 19. Bg2 Ne6 20. Qe2 Rh6 21.
Bf3 Ng7 22. O-O-O Qa5 23. Kb1 Bd8 24. Qd2 Rg6 25. Qe2 Rh6 26. Rd2 Qb5 27. Qe3
Rh8 28. Rhd1 Ne8 29. Be2 Qa4 30. Qf3 Qa5 31. Ka1 Be7 32. Qf5 Qd8 33. Qf3 Nc7
34. Nxc7 Qxc7 35. Qf5 Qc8 36. Qf3 b5 37. Qd3 b4 38. c4 Rc5 39. Kb1 {(=)} a5 40.
Qb3 Qc6 41. Rd5 Kg7 42. Bd3 Rb8 43. Rxc5 Qxc5 44. Qc2 a4 45. b3 axb3 46. axb3
Ra8 47. f3 Qd4 48. Qb2 Qe3 49. Qe2 Qa7 50. Qb2 Bd8 51. Kc2 Qf2+ 52. Kb1 Qxg3
53. Qd2 Qxf3 54. Rf1 Qg3 55. Bc2 Bb6 56. Qxb4 Bd4 57. Kc1 Ra1+ 58. Bb1 Qe3+ 59.
Kc2 Qe2+ 0-1

[Event "2024 Norbert Muller Cup (Division A)"]
[Site "Woodvale, Perth WA AUS"]
[Date "2024.11.27"]
[Round "7"]
[White "Maris, Rob"]
[Black "Plaganyi, Gyula"]
[Result "1-0"]
[ECO "D87"]
[WhiteElo "2088"]
[BlackElo "2060"]
[PlyCount "76"]
[EventDate "2024.10.09"]
[EventType "tourn"]
[EventRounds "7"]
[EventCountry "AUS"]
[TimeControl "3600+30"]

1. c4 Nf6 2. Nc3 d5 3. cxd5 Nxd5 4. d4 g6 5. e4 Nxc3 6. bxc3 Bg7 7. Bc4 O-O 8.
Ne2 c5 9. O-O Nc6 10. Be3 Na5 11. Bd3 c4 12. Bc2 b6 13. Qd2 Bb7 14. Rad1 Qc7
15. Bh6 Rad8 16. Bxg7 Kxg7 17. f4 f5 18. exf5 gxf5 19. Ng3 e6 20. Qe2 Bd5 21.
Nh5+ Kh8 22. Qe5+ Qxe5 23. fxe5 Rg8 24. g3 Nc6 25. Nf6 Rg7 26. Ba4 Rc7 27. Rf4
a6 28. Rh4 b5 29. Bc2 Rg7 30. Kf2 Ne7 31. Rg1 Ng8 32. Nh5 Rg6 33. g4 Nh6 34.
Nf6 Rxf6 35. exf6 Nxg4+ 36. Rgxg4 fxg4 37. Rxh7+ Kg8 38. f7+ Kf8 1-0